 Dungeon Crawl Stone Soup version 0.30-a0-292-g0f741e3f8e (webtiles) character file.

Game seed: 4323873260704761628

201 themarg the Cudgeller (level 5, -2/47 HPs)
             Began as a Gnoll Chaos Knight on Oct 18, 2022.
             Was a Plaything of Xom.
             Killed from afar by Ijyb (7 damage)
             ... with a puff of flame
             ... on level 5 of the Dungeon.
             The game lasted 00:06:22 (1379 turns).

themarg the Cudgeller (Gnoll Chaos Knight)          Turns: 1379, Time: 00:06:23

Health: -2/47      AC:  7    Str: 12 (13) XL:     5   Next: 79%
Magic:  7/7        EV: 10    Int:  9 (12) God:    Xom [....*.]
Gold:   79         SH:  3    Dex:  8 (11) Spells: 7/7 levels left

rFire   . . .      SeeInvis .    q - +0 mace (chaos)
rCold   . . .      Faith    .    s - +0 buckler
rNeg    . . .      Spirit   .    t - +0 ring mail
rPois   .          Reflect  .    (no helmet)
rElec   .          Harm     .    l - +0 cloak
rCorr   .          Rampage  .    (no gloves)
Will    .....                    (no boots)
Stlth   +.........               (no amulet)
HPRegen 0.27/turn                (no ring)
MPRegen 0.10/turn                (no ring)

@: no status effects
A: fangs 1, strong nose, distributed training
a: Renounce Religion


You were on level 5 of the Dungeon.
You worshipped Xom.
You were a beloved toy of Xom.
You visited 1 branch of the dungeon, and saw 5 of its levels.

You collected 79 gold pieces.

Inventory:

Hand Weapons
 a - a +0 sling
 q - a +0 mace of chaos (weapon)
Missiles
 h - 2 boomerangs
 n - 10 stones
 p - 6 poisoned darts
Armour
 l - a +0 cloak (worn)
 s - a +0 buckler (worn)
 t - a +0 ring mail (worn)
Scrolls
 b - a scroll of brand weapon {unknown}
 d - a scroll of acquirement {unknown}
 f - 3 scrolls of identify {unknown}
 g - a scroll of noise {unknown}
 r - a scroll of teleportation {unknown}
 u - a scroll of amnesia {unknown}
Potions
 e - 2 potions of lignification {unknown}
 i - a potion of degeneration
 j - a potion of might {unknown}
 k - a potion of invisibility
 m - a potion of heal wounds {unknown}
 o - 2 potions of curing
Miscellaneous
 c - a piece from Xom's chessboard (12/15) (quivered)


   Skills:
 + Level 6.7 Fighting
 + Level 1.7 Short Blades
 + Level 1.7 Long Blades
 + Level 1.7 Axes
 + Level 6.7 Maces & Flails
 + Level 1.7 Polearms
 + Level 1.7 Staves
 + Level 1.7 Ranged Weapons
 + Level 1.7 Throwing
 + Level 4.9 Armour
 + Level 3.1 Dodging
 + Level 1.7 Stealth
 + Level 1.7 Shields
 + Level 1.7 Unarmed Combat
 + Level 1.7 Spellcasting
 + Level 1.3 Conjurations
 + Level 1.3 Hexes
 + Level 1.3 Summonings
 + Level 1.3 Necromancy
 + Level 1.3 Translocations
 + Level 1.3 Transmutations
 + Level 1.3 Fire Magic
 + Level 1.3 Ice Magic
 + Level 1.3 Air Magic
 + Level 1.3 Earth Magic
 + Level 1.3 Poison Magic
 + Level 1.9 Invocations
 + Level 1.7 Evocations


You had 7 spell levels left.
You didn't know any spells.
Your spell library was empty.

Dungeon Overview and Level Annotations

Branches:
Dungeon (6/15)
 Temple: D:4-7

Altars:

Annotations:
D:5 Ijyb
Abyss:1 Natasha


Innate Abilities, Weirdness & Mutations

You have very sharp teeth.
Your uncanny sense of smell can sniff out nearby items.
Your experience applies equally to all skills.


Message History

* * * LOW HITPOINT WARNING * * *
You hit Ijyb. You burn Ijyb. You bite Ijyb, but do no damage.
Ijyb is moderately wounded.
Ijyb barely misses you.
You make a move on Xom's chessboard...
Ijyb seems to slow down.
You closely miss Ijyb.
Ijyb is moderately wounded.
Ijyb hits you but does no damage.
You hit Ijyb but do no damage. Lightning courses through Ijyb!
You bite Ijyb, but do no damage.
Ijyb is severely wounded.
You flicker for a moment.
Ijyb zaps a wand.
The puff of flame hits you.
* * * LOW HITPOINT WARNING * * *
You hit Ijyb but do no damage.
Ijyb seems to speed up.
Ijyb is severely wounded.
Ijyb closely misses you.
You strike the helpless Ijyb from behind!
You hit Ijyb but do no damage.
Ijyb is severely wounded.
Ijyb screams, "Me kill you!"
Ijyb zaps a wand.
You closely miss Ijyb.
Ijyb is severely wounded.
Ijyb closely misses you.
You closely miss Ijyb.
Ijyb is severely wounded.
You flicker back into view.
Ijyb zaps a wand.
The puff of flame hits you.
* * * LOW HITPOINT WARNING * * *
You barely miss Ijyb.
Ijyb is severely wounded.
Ijyb barely misses you.
You barely miss Ijyb.
Ijyb is severely wounded.
Ijyb hits you but does no damage.
You barely miss Ijyb.
Ijyb is severely wounded.
Ijyb zaps a wand.
The puff of flame hits you!
You die...

## #. #.## ..#
#. ##.#
#.#####... #...#
#.......# ....#
#..g..### ....#
#)@.### #...###
##..## #....##
#..##
#....####..#
#.>........##
##...........#
##.......###...#
##.....g.##
##...#
###.......##
#..#


You could see Ijyb (fast, slow).

Vanquished Creatures
  A centaur (D:5)
  A jelly (D:6)
  An iguana (D:5)
  A gnoll (D:1)
  3 adders
  An ufetubus (D:2)
  2 worms (D:2)
  7 ball pythons
  2 bats
  3 endoplasms
  3 giant cockroaches
  5 goblins
  3 hobgoblins
  7 kobolds
  2 quokkas
  A frilled lizard (D:1)
  7 rats
50 creatures vanquished.

Notes
Turn   | Place    | Note
-------+----------+-------------------------------------------
     0 | D:1      | themarg the Gnoll Chaos Knight began the quest for the Orb.
     0 | D:1      | Reached XP level 1. HP: 23/23 MP: 1/1
    16 | D:1      | XOM: divination: magic mapping
    36 | D:1      | XOM: silly message
    44 | D:1      | XOM: smoke on damage
    47 | D:1      | Reached XP level 2. HP: 13/29 MP: 2/2
   119 | D:1      | Reached XP level 3. HP: 21/35 MP: 3/3
   281 | D:1      | XOM: 1-stop teleportation journey
   301 | D:1      | Reached skill level 1 in Invocations
   490 | D:2      | Noticed Natasha
   501 | D:2      | Banished Natasha
   502 | D:2      | Reached skill level 1 in Short Blades
   502 | D:2      | Reached skill level 1 in Long Blades
   502 | D:2      | Reached skill level 1 in Axes
   502 | D:2      | Reached skill level 1 in Polearms
   502 | D:2      | Reached skill level 1 in Staves
   502 | D:2      | Reached skill level 1 in Ranged Weapons
   502 | D:2      | Reached skill level 1 in Throwing
   502 | D:2      | Reached skill level 1 in Stealth
   502 | D:2      | Reached skill level 1 in Shields
   502 | D:2      | Reached skill level 1 in Unarmed Combat
   502 | D:2      | Reached skill level 1 in Spellcasting
   502 | D:2      | Reached skill level 1 in Evocations
   502 | D:2      | Reached XP level 4. HP: 35/41 MP: 5/5
   623 | D:2      | XOM: 1-stop teleportation journey
   905 | D:2      | Reached skill level 1 in Conjurations
   905 | D:2      | Reached skill level 1 in Hexes
   905 | D:2      | Reached skill level 1 in Summonings
   905 | D:2      | Reached skill level 1 in Necromancy
   905 | D:2      | Reached skill level 1 in Translocations
   905 | D:2      | Reached skill level 1 in Transmutations
   905 | D:2      | Reached skill level 1 in Fire Magic
   905 | D:2      | Reached skill level 1 in Ice Magic
   905 | D:2      | Reached skill level 1 in Air Magic
   905 | D:2      | Reached skill level 1 in Earth Magic
   905 | D:2      | Reached skill level 1 in Poison Magic
  1194 | D:3      | You fall into a shaft and drop 3 floors!
  1199 | D:6      | XOM: scenery: summon butterflies
  1206 | D:6      | Reached XP level 5. HP: 47/47 MP: 5/7
  1291 | D:5      | Entered Level 5 of the Dungeon
  1326 | D:5      | Noticed Ijyb
  1327 | D:5      | Noticed a centaur
  1361 | D:5      | Killed a centaur
  1379 | D:5      | Killed from afar by Ijyb

Illustrated notes

Levels and vault maps discovered:
D:1:      giann_wishing_wells, layout_rooms
D:2:      layout_rooms, uniq_natasha
D:3:      layout_loops_ring, serial_shops, nicolae_shop_hallway_plus,
          hellmonk_ecumenical_altar_pennies_from_heaven, uniq_sigmund
D:5:      layout_layer_cave, nicolae_ru_great_annihilating_truth,
          uniq_blork_the_orc, uniq_ijyb
D:6:      layout_cave_pools

Skill      XL: |  1  2  3  4  5 |
---------------+----------------+-----
Invocations    | 1 |  1.9
Short Blades   | 1 |  1.7
Long Blades    | 1 |  1.7
Axes           | 1 |  1.7
Polearms       | 1 |  1.7
Staves         | 1 |  1.7
Ranged Weapons | 1 |  1.7
Throwing       | 1 |  1.7
Stealth        | 1 |  1.7
Shields        | 1 |  1.7
Unarmed Combat | 1 |  1.7
Spellcasting   | 1 |  1.7
Evocations     | 1 |  1.7
Conjurations   | 1 |  1.3
Hexes          | 1 |  1.3
Summonings     | 1 |  1.3
Necromancy     | 1 |  1.3
Translocations | 1 |  1.3
Transmutations | 1 |  1.3
Fire Magic     | 1 |  1.3
Ice Magic      | 1 |  1.3
Air Magic      | 1 |  1.3
Earth Magic    | 1 |  1.3
Poison Magic   | 1 |  1.3
Dodging        | 3 |  3.1
Fighting       | |  6.7
Maces & Flails | |  6.7
Armour         | |  4.9

Action                   |  1- 3 |  4- 6 || total
-------------------------+-------+-------++-------
Melee: Mace              |    85 |   106 ||   191
       Bite              |     9 |    12 ||    21
       Punch             |     1 |     2 ||     3
Evoke: Piece from Xom's  |       |     3 ||     3
  Use: Potion            |       |     3 ||     3
 Stab: Petrified         |       |     6 ||     6
       Sleeping          |       |     1 ||     1
       Invisible         |       |     3 ||     3
Armor: Leather armour    |    39 |    21 ||    60
       Ring mail         |       |    24 ||    24
Dodge: Dodged            |    58 |    75 ||   133
Block: Buckler           |       |    12 ||    12

Table legend: (Time is in decaauts)
 A = Elapsed time spent in this place.
 B = Non-inter-level travel time spent in this place.
 C = Inter-level travel time spent in this place.
 D = Time resting spent in this place.
 E = Time spent auto-exploring this place.
 F = Levels seen in this place.
 G = Mean time per level.
                   A        B        C        D        E       F      G
               +--------+--------+--------+--------+--------+-----+--------+
         Total |   1395 |   1320 |     75 |      0 |    771 |   5 |  279.0 |
       Dungeon |   1395 |   1320 |     75 |      0 |    771 |   5 |  279.0 |
               +--------+--------+--------+--------+--------+-----+--------+

Top non-repeatable levels by time:
     D:2: 752 daAuts
     D:1: 434 daAuts
     D:6: 98 daAuts
     D:5: 90 daAuts
     D:3: 19 daAuts
